 Dungeon Crawl Stone Soup version 0.21-a0-528-gf531e82 (webtiles) character file.

312 Nirn the Chopper (level 5, -3/42 HPs)
             Began as a Demigod Fighter on Dec 8, 2017.
             Slain by an ogre
             ... wielding a +0 giant club
              (19 damage)
             ... on level 4 of the Dungeon.
             The game lasted 00:06:41 (3432 turns).

Nirn the Chopper (Demigod Fighter)                  Turns: 3432, Time: 00:06:41

Health: -3/42      AC: 11    Str: 21    XL:     5   Next: 97%
Magic:  7/7        EV:  7    Int: 12    God:
Gold:   111        SH:  0    Dex: 15    Spells: 4/4 levels left

rFire    . . .     SeeInvis .   l - +6 hand axe
rCold    . . .     Gourm    .   (no shield)
rNeg     . . .     Faith    .   B - +0 chain mail
rPois    .         Spirit   .   (no helmet)
rElec    .         Reflect  .   q - +0 cloak
rCorr    .         Harm     .   v - +0 pair of gloves
MR       .....                  (no boots)
Stlth    ..........             (no amulet)
HPRegen  0.14/turn              (no ring)
MPRegen  0.10/turn              (no ring)

@: drained
A: high mp 1
a: no special abilities


You were on level 4 of the Dungeon.
You were not hungry.

You visited 1 branch of the dungeon, and saw 4 of its levels.

You collected 111 gold pieces.

Inventory:

Hand Weapons
 a - a +0 war axe
 l - a +6 hand axe (weapon)
Missiles
 o - 5 javelins (quivered)
Armour
 c - a +0 shield
 q - a +0 cloak (worn)
 v - a +0 pair of gloves (worn)
 B - a +0 chain mail (worn)
Scrolls
 h - 10 scrolls of identify {unknown}
 i - 2 scrolls of immolation {unknown}
 j - a scroll of amnesia {unknown}
 m - a scroll of magic mapping {unknown}
 p - a scroll of fog {unknown}
 t - a scroll of fear {unknown}
 x - a scroll of noise {unknown}
 y - 2 scrolls of remove curse {unknown}
Potions
 d - a potion of might
 e - 2 potions of flight {unknown}
 k - 4 potions of curing {unknown}
 n - a potion of berserk rage {unknown}
 r - a potion of mutation {unknown}
 u - a potion of haste {unknown}
 w - a potion of cancellation {unknown}
 A - 2 potions of magic {unknown}
Comestibles
 b - 7 chunks of flesh
 f - 3 bread rations
 g - a royal jelly
 s - a meat ration
 z - 2 fruits


   Skills:
 - Level 2.6(2.3) Fighting
 + Level 6.0(5.7) Axes
 - Level 2.6(2.3) Armour
 - Level 2.6(2.3) Shields


You had 4 spell levels left.
You didn't know any spells.

Dungeon Overview and Level Annotations

Branches:
Dungeon (4/15)
 Temple: D:4-7


Innate Abilities, Weirdness & Mutations

You have an increased reservoir of magic. (+10% MP)


Message History

No target in view!
Things that are here:
a flail x2; an orc corpse You butcher the orc corpse.
b - 7 chunks of flesh (gained 2)
Things that are here:
a flail x2
You hear the slow rusting of a distant drain.
Things that are here:
a club; a ring mail; an orc corpse A worm comes into view.
An ogre comes into view. It is wielding a giant club.
The ogre shouts!
You slash the ogre!
The ogre is heavily wounded.
The ogre hits you with a giant club!!
Ouch! That really hurt!
You hear the slow rusting of a distant drain.
The ogre hits you with a giant club!!
You die...

# # # # #
#################
................##
###############.@#
##O# #.# #.# #.#
#.## #..# ###.###
#.....#


You could see an ogre.

Vanquished Creatures
  A hound (D:4)
  A bullfrog skeleton (D:4)
  An orc priest (D:3)
  An orc wizard (D:3)
  A worker ant (D:4)
  5 adders
  An ooze (D:2)
  5 worms
  A dart slug (D:2)
  2 leopard geckos
  15 orcs
  2 giant cockroaches (D:2)
  9 goblins
  8 hobgoblins
  6 jackals
  11 kobolds
  4 quokkas
  6 bats
  5 frilled lizards
  5 rats
90 creatures vanquished.

Notes
Turn   | Place    | Note
-------+----------+-------------------------------------------
     0 | D:1      | Nirn the Demigod Fighter began the quest for the Orb.
     0 | D:1      | Reached XP level 1. HP: 18/18 MP: 3/3
    47 | D:1      | Reached skill level 2 in Axes
   229 | D:1      | Reached XP level 2. HP: 21/25 MP: 4/4
   608 | D:1      | Reached skill level 3 in Axes
  1101 | D:2      | Reached XP level 3. HP: 13/30 MP: 5/5
  1829 | D:2      | Reached skill level 4 in Axes
  2030 | D:2      | Reached XP level 4. HP: 32/37 MP: 6/6
  2133 | D:2      | Found a sacrificial altar of Ru.
  2851 | D:3      | Reached skill level 5 in Axes
  2866 | D:3      | Reached XP level 5. HP: 36/42 MP: 7/7
  3378 | D:4      | Reached skill level 6 in Axes
  3418 | D:4      | Noticed an ogre
  3432 | D:4      | Slain by an ogre

Vault maps used:
D:1:      giann_horns
D:2:      marbit_many_paths, first_bread
D:4:      overflow_temple_1_default, minmay_temple_entry_poolview, serial_shops,
          nicolae_shop_behind_doors, cheibrodos_sewer_entry_bend, minivault_25

Skill      XL: |  1  2  3  4  5 |
---------------+----------------+-----
Axes           | 2 3 4 5 6 |  6.0
Fighting       | |  2.6
Armour         | |  2.6
Shields        | |  2.6

Action                   |  1- 3 |  4- 6 || total
-------------------------+-------+-------++-------
Melee: War axe           |    29 |       ||    29
       Hand axe          |    75 |   112 ||   187
  Eat: Chunk             |     4 |     4 ||     8
Armor: Scale mail        |    50 |     6 ||    56
       Chain mail        |       |    35 ||    35
Dodge: Dodged            |    37 |    45 ||    82

Table legend:
 A = Spawn XP
 B = Non-spawn XP
 C = Spawn XP percentage of total XP
 D = Spawn monster count
 E = Non-spawn monster count
 F = Spawn count percentage of total count
 G = Total turns spent on level
                    A         B        C        D         E        F      G
               +---------+---------+-------+---------+---------+-------+---------
         Total |       0 |     446 |   0.0 |       0 |      90 |   0.0 |  3432
               +---------+---------+-------+---------+---------+-------+---------
           D:1 |       0 |      31 |   0.0 |       0 |      18 |   0.0 |   914
           D:2 |       0 |      94 |   0.0 |       0 |      30 |   0.0 |  1276
           D:3 |       0 |     176 |   0.0 |       0 |      33 |   0.0 |  1041
           D:4 |       0 |     145 |   0.0 |       0 |       9 |   0.0 |   201
               +---------+---------+-------+---------+---------+-------+---------
